 Dungeon Crawl Stone Soup version 0.32-a0-876-gcfddb08e57 (webtiles) character file.

Game seed: 6484589306024546121

7457 ezpacito the Chopper (level 11, -1/83 HPs)
             Began as a Coglin Chaos Knight on Apr 1, 2024.
             Was a Plaything of Xom.
             Slain by a deep troll (13 damage)
             ... on level 9 of the Dungeon.
             The game lasted 00:14:22 (8082 turns).

ezpacito the Chopper (Coglin Chaos Knight)          Turns: 8082, Time: 00:14:23

Health: -1/83      AC: 15    Str: 17    XL:     11   Next: 15%
Magic:  14/14      EV:  8    Int: 22    God:    Xom [....*.]
Gold:   458        SH:  0    Dex: 12    Spells: 4/16 levels left

rFire   . . .        y - +6 war axe "Transmigrator" {heavy, Int+6}
rCold   . . .        m - +2 whip of World's End {vamp, rElec Int+5}
rNeg    . . .        e - +0 chain mail
rPois   .            E - +0 helmet
rElec   +            (no cloak)
rCorr   .            D - +0 pair of gloves
SInv    .            d - +0 pair of boots
Will    .....        (amulet unavailable) Stlth
                     (ring unavailable)
HPRegen 0.33/turn    (ring unavailable)
MPRegen 0.14/turn    (no gizmo)

%: no passive effects
@: revving
A: off-hand wielding, slow wielding, warmup strikes, no jewellery, iridescent
scales 1, clumsy 1, low MP 1, sense surroundings 1
a: Invent Gizmo, Renounce Religion


You were on level 9 of the Dungeon.
You worshipped Xom.
You were a beloved toy of Xom.
You visited 2 branches of the dungeon, and saw 10 of its levels.

You collected 458 gold pieces.

Inventory:

Hand Weapons
 a - a +0 hand axe of chaos {Eunwoo}
 g - a +5 trident of draining
 m - the +2 whip of World's End (offhand) {vamp, rElec Int+5}
   (You found it on level 2 of the Dungeon)

   Int+5:     It affects your intelligence (+5).
   rElec:     It insulates you from electricity.
 y - the +6 war axe "Transmigrator" (weapon) {heavy, Int+6}
   (You found it on level 4 of the Dungeon)

   Int+6:     It affects your intelligence (+6).
 F - a +2 vampiric war axe
Missiles
 h - 19 poisoned darts (quivered)
 s - 6 darts of dispersal
 B - 8 boomerangs
 C - 6 silver javelins
Armour
 c - a +0 plate armour
 d - a +0 pair of boots (worn)
 e - a +0 chain mail (worn)
 l - a +0 troll leather armour
 D - a +0 pair of gloves (worn)
 E - a +0 helmet (worn)
Magical Staves
 j - a staff of alchemy
Talismans
 k - a blade talisman
Wands
 p - a wand of charming (5)
 H - a wand of roots (3)
Scrolls
 f - 3 scrolls of revelation
 i - a scroll of identify
 r - a scroll of torment
 t - a scroll of amnesia
 u - a scroll of noise
 w - a scroll of vulnerability
Potions
 n - a potion of resistance
 o - 2 potions of cancellation
 v - a potion of brilliance


   Skills:
 * Level 6.9 Fighting
 * Level 6.9(7.5) Axes
 + Level 4.0(5.7) Polearms
 * Level 5.9 Armour
 * Level 5.6 Dodging
 + Level 4.0 Stealth
 + Level 3.4 Spellcasting
 - Level 2.2 Conjurations
 + Level 2.9 Summonings
 + Level 2.5 Necromancy
 + Level 2.4 Translocations
 + Level 4.3 Alchemy
 + Level 5.1 Evocations


You had 4 spell levels left.
You knew the following spells:

 Your Spells              Type           Power      Damage    Failure   Level
a - Dispel Undead         Necr           15%        3d10      98%         4
b - Blink                 Tloc           28%        N/A       50%         2
c - Summon Ice Beast      Ice/Summ       10%        N/A       87%         3
x - Mephitic Cloud        Conj/Alch/Air  13%        N/A       78%         3

Your spell library contained the following spells:

 Spells                   Type           Power      Damage    Failure   Level
 Kiss of Death            Conj/Necr      56%        2d9       36%         1
 Lesser Beckoning         Tloc           28%        N/A       50%         2
 Momentum Strike          Conj/Tloc      28%        3d8       52%         2
 Cigotuvi's Dreadful Rot  Necr/Alch/Air  26%        N/A       54%         2
 Ensorcelled Hibernation  Hex/Ice        6%         N/A       85%         2
 Dazzling Flash           Conj/Hex       16%        N/A       90%         3
 Hailstorm                Conj/Ice       8%         3d5       90%         3
 Confusing Touch          Hex            3%         N/A       97%         3
 Inner Flame              Hex/Fire       3%         N/A       97%         3
 Tukima's Dance           Hex            3%         N/A       97%         3
 Martyr's Knell           Necr/Summ      15%        N/A       98%         4
 Brom's Barrelling Bould  Conj/Erth      8%         2d3       100%        4
 Curse of Agony           Necr           15%        N/A       100%        5
 Fireball                 Conj/Fire      4%         3d4       100%        5
 Iskenderun's Battlesphe  Conj           13%        2d7       100%        5
 Silence                  Hex/Air        1%         N/A       100%        5
 Conjure Ball Lightning   Conj/Air       4%         3x3d6     100%        6
 Permafrost Eruption      Ice/Erth       1%         2x4d2     100%        6
 Sculpt Simulacrum        Ice/Alch       6%         N/A       100%        6
 Orb of Destruction       Conj           6%         9d6       100%        7


Dungeon Overview and Level Annotations

Branches:
Dungeon (9/15)             Temple (1/1) D:6            Lair (0/5) D:9
    Orc: D:9-12

Altars:
Dithmenos
Elyvilon
Fedhas
Gozag
Hepliaklqana
Kikubaaqudgha
Makhleb
Nemelex Xobeh
Okawaru
Qazlal
Ru
Sif Muna
Trog
Uskayaw
Vehumet
Wu Jian
Xom
Yredelemnul
Zin
The Shining One

Shops:
D:4 (   D:7 *


Innate Abilities, Weirdness & Mutations

You can wield a second weapon in your off-hand.
It takes a long time for you to wield or remove held weapons.
Your first few attacks do less damage.
You cannot equip rings or amulets.
You are partially covered in iridescent scales. (AC +2)
You are clumsy. (Dex -2)
Your magical capacity is low. (-10% MP)
You passively map a small area around you.


Message History

The deep troll bites you. The deep troll claws you!
The deep troll closely misses you.
You see here 11 gold pieces.
You take 10 damage, and have 27/83 hp.
Okay, then.
Aiming: Fastroot
Press: ? - help, Shift-Dir - straight line The roots erupt in riotous growth!
Roots grab the deep troll.
The grasping roots constrict the deep troll.
The deep troll barely misses you. x2
The deep troll claws you but does no damage.
The grasping roots constrict the deep troll!
The deep troll struggles to escape constriction.
Throw: 20 darts (poison)
Press: ? - help, Q - select action, (/) - cycle Shift-Dir - straight line, f - deep troll
Aim: a deep troll (moderately wounded, constricted by roots, 98% to hit)
You throw a poisoned dart. The poisoned dart hits the deep troll.
The deep troll is poisoned.
The deep troll is moderately wounded.
The grasping roots constrict the deep troll!
The deep troll escapes!
The deep troll attacks as it pursues you!
The deep troll barely misses you.
The deep troll claws you but does no damage.
The deep troll claws you!
* * * LOW HITPOINT WARNING * * *
Things that are here:
a +0 troll leather armour; a deep troll corpse You take 10 damage, and have 18/83 hp.
Okay, then.
Okay, then.
You closely miss the deep troll with the +6 war axe "Transmigrator".
The deep troll is moderately wounded.
You hit the deep troll but do no damage.
The deep troll bites you.
* * * LOW HITPOINT WARNING * * *
The deep troll claws you!
You die...
Xom laughs nastily!

##### ##.".##
##.....##
#.......#
#.......#
#.......#
#......$#
#....T..#
##..[@.## ## *
##...##
,..#####.## ** *
(.....#.# ... ,
*#. #..# ** .....
* *
*#.#.####..[....,
#........#..... *
#..#.#####.... *
* #.....##..... *


You could see a deep troll (poisoned).

Vanquished Creatures
  The ghost of bigdog255 the Caller, a novice MDSu of Kikubaaqudgha (D:7)
  A deep troll (D:9)
  A meliai (D:8)
  An eye of devastation (D:9)
  Jeremiah (D:7)
  A troll (D:9)
  A shadow (D:9)
  2 steam dragons
  A yak (D:9)
  An acid dragon (D:8)
  A water moccasin (D:8)
  An orc warrior (D:9)
  3 wolves (D:9)
  A black bear (D:4)
  An ogre (D:5)
  3 centaurs
  3 kobold brigands (D:8)
  4 bullfrogs
  6 scorpions
  4 wights (D:8)
  A burial acolyte (D:7)
  5 killer bees (D:9)
  2 electric eels (D:9)
  4 bombardier beetles
  A gnoll bouda (D:3)
  7 orc priests
  2 jellies
  6 hounds
  6 iguanas
  3 sleepcaps
  Terence (D:3)
  9 orc wizards
  11 gnolls
  7 adders
  A shadow imp (D:8)
  3 white imps
  2 ufetubi (D:6)
  2 adder zombies (D:7)
  45 orcs
  8 bats
  4 endoplasms
  2 giant cockroaches
  7 goblins
  7 hobgoblins
  3 jackals (D:1)
  5 quokkas
  3 ball pythons
  A frilled lizard (D:1)
  2 jackal zombies (D:7)
  16 kobolds
  4 rats
218 creatures vanquished.

Vanquished Creatures (collateral kills)
  2 deep trolls (D:9)
  A killer bee (D:9)
3 creatures vanquished.

Vanquished Creatures (others)
  A yak (D:9)
  A killer bee (D:9)
2 creatures vanquished.

Grand Total: 223 creatures vanquished

Notes
Turn   | Place    | Note
-------+----------+-------------------------------------------
     0 | D:1      | ezpacito the Coglin Chaos Knight began the quest for the
                  | Orb.
     0 | D:1      | Reached XP level 1. HP: 18/18 MP: 1/1
    26 | D:1      | Reached skill level 1 in Dodging
    66 | D:1      | Reached XP level 2. HP: 24/24 MP: 2/2
   262 | D:1      | XOM: silly message
   683 | D:1      | XOM: silly message
   760 | D:1      | Reached XP level 3. HP: 29/29 MP: 3/3
   841 | D:2      | Reached XP level 4. HP: 8/35 MP: 4/4
  1044 | D:2      | Found an iron altar of Okawaru.
  1131 | D:2      | Identified the +2 whip of World's End {vamp, rElec Int+5}
  1341 | D:2      | XOM: silly message
  1455 | D:3      | Noticed Terence
  1462 | D:3      | Killed Terence
  1463 | D:3      | Reached skill level 1 in Stealth
  1517 | D:3      | Found an ornate altar of the Wu Jian Council.
  1653 | D:3      | Reached XP level 5. HP: 41/41 MP: 6/6
  1848 | D:3      | XOM: silly message
  1923 | D:3      | Learned a level 3 spell: Mephitic Cloud
  2056 | D:3      | XOM: give mutations
  2056 | D:3      | Gained mutation: You passively map a small area around you.
                  | [Xom's grace]
  2056 | D:3      | Gained mutation: You are somewhat resistant to further
                  | mutation. [Xom's grace]
  2056 | D:3      | Gained mutation: You are somewhat resistant to both further
                  | mutation and mutation removal. [Xom's grace]
  2083 | D:3      | Reached skill level 1 in Polearms
  2137 | D:4      | Reached skill level 1 in Evocations
  2139 | D:4      | Reached skill level 1 in Spellcasting
  2142 | D:4      | Noticed a black bear
  2143 | D:4      | Found Kanaihem's Antique Weapon Boutique.
  2242 | D:4      | Noticed Ijyb
  2253 | D:4      | Ijyb changed into Ijyb the bombardier beetle
  2253 | D:4      | Noticed Ijyb
  2254 | D:4      | Killed Ijyb the bombardier beetle
  2255 | D:4      | Reached skill level 1 in Alchemy
  2255 | D:4      | Reached XP level 6. HP: 48/48 MP: 7/7
  2315 | D:4      | Killed a black bear
  2332 | D:4      | XOM: 9-stop teleportation journey
  2376 | D:4      | Identified the +6 war axe "Transmigrator" {heavy, Int+6}
  2390 | D:4      | Identified the +0 ring mail of Negligence {^Drain Regen+
                  | Str+6 Dex-5}
  2576 | D:4      | XOM: give mutations
  2576 | D:4      | Lost mutation: You are somewhat resistant to both further
                  | mutation and mutation removal. [Xom's mischief]
  2576 | D:4      | Gained mutation: You are weak. (Str -2) [Xom's mischief]
  2576 | D:4      | Gained mutation: You are clumsy. (Dex -2) [Xom's mischief]
  2576 | D:4      | Lost mutation: You are somewhat resistant to further
                  | mutation. [Xom's mischief]
  2690 | D:4      | Reached XP level 7. HP: 54/54 MP: 8/8
  2821 | D:4      | XOM: summons 2 hostile shadow creatures
  2830 | D:5      | Entered Level 5 of the Dungeon
  2957 | D:5      | Reached skill level 1 in Conjurations
  3075 | D:5      | Found a bloodstained altar of Trog.
  3096 | D:5      | Found a glowing silver altar of Zin.
  3100 | D:5      | XOM: butterfly on damage
  3102 | D:5      | Reached XP level 8. HP: 31/61 MP: 10/10
  3396 | D:5      | XOM: summons 1 hostile shadow creature
  3482 | D:5      | XOM: silly message
  3534 | D:5      | XOM: give mutation
  3534 | D:5      | Gained mutation: Your spells are a little harder to cast,
                  | but a little more powerful. [Xom's mischief]
  3997 | D:6      | XOM: torment (31/61 hp)
  4227 | D:6      | XOM: blink monster(s)
  4352 | D:6      | Found a staircase to the Ecumenical Temple.
  4386 | Temple   | Entered the Ecumenical Temple
  4538 | D:6      | XOM: blink monster(s)
  4544 | D:6      | Reached skill level 5 in Axes
  4620 | D:6      | Found a burning altar of Makhleb.
  4718 | D:6      | Reached skill level 5 in Fighting
  4979 | D:6      | Learned a level 4 spell: Dispel Undead
  4982 | D:6      | Learned a level 2 spell: Blink
  5067 | D:7      | Found Nuvomuff's General Store.
  5270 | D:7      | Reached XP level 9. HP: 68/68 MP: 12/12
  5421 | D:7      | Noticed Jeremiah
  5427 | D:7      | XOM: destruction
  5429 | D:7      | Killed Jeremiah
  5563 | D:7      | XOM: smoke on damage
  5601 | D:7      | Found an ancient bone altar of Kikubaaqudgha.
  5720 | D:7      | Found a runed translucent door.
  5720 | D:7      | Noticed bigdog255's ghost (novice MDSu)
  5809 | D:7      | Learned a level 3 spell: Summon Ice Beast
  5816 | D:7      | Killed bigdog255's ghost
  5883 | D:7      | XOM: scenery: create altars
  5913 | D:8      | Found an iron altar of Okawaru.
  6125 | D:8      | Reached skill level 1 in Summonings
  6125 | D:8      | Reached skill level 1 in Translocations
  6151 | D:8      | XOM: smoke on damage
  6155 | D:8      | Reached skill level 1 in Necromancy
  6201 | D:7      | XOM: summons 5 hostile demons
  6342 | D:8      | XOM: draining
  6473 | D:8      | XOM: give mutations
  6473 | D:8      | Gained mutation: Your magical capacity is low. (-10% MP)
                  | [Xom's mischief]
  6473 | D:8      | Gained mutation: You are partially covered in iridescent
                  | scales. (AC +2) [Xom's mischief]
  6473 | D:8      | Lost mutation: You are weak. (Str -2) [Xom's mischief]
  6473 | D:8      | Lost mutation: Your spells are a little harder to cast, but
                  | a little more powerful. [Xom's mischief]
  6591 | D:8      | XOM: enchant monster (good)
  6608 | D:8      | a gnoll sergeant changed into a meliai
  6608 | D:8      | Noticed a meliai
  6608 | D:8      | XOM: polymorph gnoll sergeant -> meliai
  6656 | D:7      | Reached skill level 5 in Armour
  6710 | D:7      | Reached XP level 10. HP: 63/71 MP: 12/12
  6737 | D:8      | Killed a meliai
  6788 | D:8      | Got the Papyrus of Foggy Enchantment
  6961 | D:8      | XOM: stat loss: -1 Dex (11/12)
  7081 | D:9      | Identified the +0 leather armour of Tyrhodyq {Rampage rF+
                  | Int-2 Slay+3}
  7156 | D:9      | XOM: summons 1 hostile shadow creature
  7161 | D:9      | a yak changed into an eye of devastation
  7161 | D:9      | Noticed an eye of devastation
  7161 | D:9      | XOM: polymorph yak -> eye of devastation
  7167 | D:9      | Killed an eye of devastation
  7168 | D:9      | Reached skill level 5 in Dodging
  7168 | D:9      | XOM: enchant monster (bad)
  7325 | D:9      | XOM: god gift: 32 gold pieces
  7329 | D:9      | XOM: fake destruction
  7481 | D:9      | XOM: scenery: create altars
  7484 | D:9      | XOM: cleaving
  7670 | D:9      | XOM: scenery: create altars
  7705 | D:9      | Found a staircase to the Lair.
  8048 | D:9      | Noticed a deep troll
  8050 | D:9      | Noticed a deep troll
  8053 | D:9      | Noticed a deep troll
  8055 | D:9      | Noticed a deep troll
  8057 | D:9      | Killed a deep troll
  8058 | D:9      | Reached XP level 11. HP: 83/83 MP: 14/14
  8060 | D:9      | Killed a deep troll
  8061 | D:9      | Reached skill level 5 in Evocations
  8061 | D:9      | Killed a deep troll
  8062 | D:9      | Found the necklace of Bloodlust {Fury *Rage Will++ Int-3
                  | Slay+6}
  8082 | D:9      | Slain by a deep troll

Illustrated notes

Levels and vault maps discovered:
D:1:      dpeg_arrival_solitude, layout_basic
D:2:      layout_rooms, basic_altar
D:3:      layout_rooms, mainiacjoe_overflow_boulevard, uniq_terence
D:4:      layout_basic, serial_shops, nicolae_shop_hallway_stairs, uniq_ijyb
D:5:      layout_basic, jmf_multi_god_temple2,
          serial_library_hellmonk_recessed_alcove, minmay_hedge_maze,
          grunt_ministairs_15
D:6:      layout_basic, mainiacjoe_overflow_small_starburst,
          minmay_temple_entry_crystal_x
D:7:      layout_gridville, lemuel_zombie_altar_kikubaaqudgha,
          gammafunk_ghost_grave, serial_shops, shop, uniq_jeremiah
D:8:      layout_rooms, okawaru_trees_1, minmay_increasing_density
D:9:      layout_rooms, lemuel_crystal_altar, erik_lair_island,
          hellmonk_guarded_unrand_vitality_bloodlust
Temple:   nicolae_temple_bog_church

Skill      XL: |  1  2  3  4  5  6  7  8  9 10 11 |
---------------+----------------------------------+-----
Dodging        | 1 2 3 4 5 |  5.6
Armour         | 2 3 4 5 |  5.9
Stealth        | 1 2 3 4 |  4.0
Polearms       | 1 2 3 4 |  4.0
Evocations     | 1 2 3 4 5 |  5.1
Spellcasting   | 1 2 3 |  3.4
Alchemy        | 1 2 3 4 |  4.3
Fighting       | 4 5 6 |  6.9
Axes           | 4 5 6 |  6.9
Conjurations   | 1 2 |  2.2
Summonings     | 1 2 |  2.9
Translocations | 1 2 |  2.4
Necromancy     | 1 2 |  2.5

Action                     |  1- 3 |  4- 6 |  7- 9 | 10-12 || total
---------------------------+-------+-------+-------+-------++-------
  Melee: Hand axe          |    49 |    86 |       |       ||   135
         Dagger            |    44 |    20 |       |       ||    64
         Whip              |       |    73 |   179 |    89 ||   341
         War axe           |       |    11 |   207 |   104 ||   322
  Throw: Dart              |       |       |       |     1 ||     1
  Evoke: Wand              |       |       |     3 |     9 ||    12
    Use: Potion            |       |     2 |     7 |       ||     9
         Scroll            |       |     1 |    19 |     2 ||    22
   Stab: Paralysed         |     1 |       |       |       ||     1
         Confused          |       |     1 |       |       ||     1
         Invisible         |       |       |       |     2 ||     2
 Armour: Leather armour    |    47 |    13 |       |       ||    60
         Chain mail        |       |    99 |   279 |   199 ||   577
  Dodge: Dodged            |    39 |    52 |   109 |    71 ||   271

Table legend: (Time is in decaauts)
 A = Elapsed time spent in this place.
 B = Non-inter-level travel time spent in this place.
 C = Inter-level travel time spent in this place.
 D = Time resting spent in this place.
 E = Time spent auto-exploring this place.
 F = Levels seen in this place.
 G = Mean time per level.
                   A        B        C        D        E       F      G
               +--------+--------+--------+--------+--------+-----+--------+
         Total |   8229 |   7927 |    302 |    857 |   5472 |  10 |  822.9 |
       Dungeon |   8227 |   7926 |    301 |    857 |   5472 |   9 |  914.1 |
        Temple |      1 |      1 |      0 |      0 |      0 |   1 |    1.0 |
               +--------+--------+--------+--------+--------+-----+--------+

Top non-repeatable levels by time:
     D:7: 1310 daAuts
     D:6: 1200 daAuts
     D:5: 1071 daAuts
     D:9: 1058 daAuts
     D:1: 824 daAuts
     D:8: 736 daAuts
     D:4: 726 daAuts
     D:3: 699 daAuts
     D:2: 600 daAuts
  Temple: 1 daAuts
